Olga, lawful female dwarven Valkyrie ---------------- ----- --------- --------- |..............| |.@..#########|.}.....| |.......| |.........(....| #.T..| #-.......| |.......| -------- |..............| ###|...| |....[}.|#########........| |......| ##...............| # ----- |....}.%-# |.......| |..<...| # -----|----------### -------.-#########........| |...)..| ### ## # ################ |.......| -----^-- # # # # ----.---- # # #%# # #)# ## # # ########%#(####*############################# # ### # ### # -------.--###########% # # # % |........| --.-|--+- -.------# ## # |........-####........| |......-# ---------.----# |........| |.......| |......| |............|# ---------- |.......| |......-# |......+.....(# --------- |......|######.............| -------- -------------- Olga the Woman-at-arms Experience level: 12 Strength: 18/01 Dexterity: 14 Constitution: 18 Intelligence: 9 Wisdom: 9 Charisma: 9 Health: 0(121) Energy: 8(8) Def: 11 Gold: 510 Moves: 13673 Dungeon seed: SQKFGHiRcpzEHbPB Game ID: Olga_1554067698 Your Inventory: Coins $ - 510 gold pieces Amulets i - a cursed amulet of restful sleep Weapons a - the blessed rustproof +1 Excalibur (weapon in hand) b - a +0 dagger L - a +0 crossbow bolt (in quiver) Armor e - an uncursed very burnt +3 small shield (being worn) q - an uncursed +0 dwarvish cloak (being worn) y - an uncursed +0 dwarvish iron helm (being worn) N - a blessed +1 ring mail (being worn) Y - an uncursed +0 pair of iron shoes (being worn) Comestibles k - 3 uncursed candy bars T - 7 uncursed food rations Potions l - an uncursed potion of booze Rings d - an uncursed ring of fire resistance j - an uncursed ring of slow digestion Wands D - a wand of magic missile (0:2) J - a wand of light (0:13) Tools g - an uncursed bag of holding u - a blessed wax candle (0:400) Gems n - 4 uncursed worthless pieces of violet glass r - an uncursed worthless piece of yellowish brown glass t - 2 uncursed worthless pieces of black glass z - an uncursed worthless piece of green glass E - an uncursed worthless piece of red glass Contents of the bag of holding: 16638 gold pieces an uncursed candy bar an uncursed carrot an uncursed cram ration an uncursed egg 2 uncursed slime molds an uncursed sprig of wolfsbane a blessed scroll of confuse monster an uncursed scroll of create monster an uncursed scroll of destroy armor a cursed scroll of punishment a blessed scroll of stinking cloud an uncursed scroll of teleportation a blessed potion of acid an uncursed potion of healing 2 uncursed potions of invisibility a blessed potion of speed a cursed -1 ring of adornment a cursed -1 ring of gain constitution an uncursed ring of see invisible an uncursed ring of sustain ability a blessed wand of cancellation (0:0) a wand of create monster (0:14) a wand of digging (0:5) a wand of digging (0:4) a wand of magic missile (0:0) a wand of make invisible (0:5) a wand of opening (0:6) a wand of polymorph (0:6) a wand of polymorph (0:5) a wand of undead turning (0:3) a wand of undead turning (0:0) a magic marker (0:91) an uncursed mirror an uncursed oil lamp (0:1450) a +0 pick-axe an uncursed skeleton key an uncursed tin whistle a +0 unicorn horn a +0 unicorn horn Spells and supernatural/magical abilities: Name Level Category Fail Memory l - light 1 divination 100% 64% w - wizard lock 2 matter 100% 85% z - sleep 1 enchantment 100% 83% U - detect unseen 3 divination 100% 83% W - pray for help -- divine ? -- Your skills at the end: Fighting Skills Weapon Skills dagger [Basic] long sword [Expert] Spellcasting Skills Final Attributes: You were piously aligned. You were cold resistant. You were level-drain resistant. You saw invisible. You were telepathic. You had automatic searching. You had infravision. You were stealthy. You were fast. Tyr was angry with you. You are dead. Vanquished creatures: 2 giant mimics a doppelganger a wumpus a giant zombie an ettin mummy a quantum mechanic a freezing sphere 2 gargoyles a leocrotta an elf mummy a wraith 2 chameleons a cockatrice 2 wolves a lynx 84 leprechauns 2 iron piercers a gnome king an ogre a brown pudding an owlbear 2 gold golems 2 lizards a dog 3 dingos a jaguar a dwarf lord 2 blue jellies 2 gray unicorns a dust vortex 2 ravens 2 plains centaurs a gnome mummy a snake 4 human zombies a rope golem a Woodland-elf 3 fire ants 6 bugbears a wood nymph a water nymph 2 mountain nymphs an orc shaman 4 rock piercers 3 rock moles a pony a yellow light 2 shriekers 7 gnome lords 3 gnomish wizards 2 kobold mummies a black naga hatchling 2 golden naga hatchlings a guardian naga hatchling a gray ooze 4 elf zombies a ghoul a paper golem 2 baby crocodiles 3 giant ants 3 floating eyes 4 kittens 6 dwarves 2 homunculi 2 kobold lords 2 kobold shamans 13 hill orcs 8 rothes a rabid rat a centipede 2 giant bats a monkey 6 orc zombies 4 dwarf zombies a wererat 2 werejackals 10 iguanas 6 killer bees 2 acid blobs 5 coyotes a gas spore 4 hobbits 5 manes a large kobold 6 hobgoblins 5 giant rats a cave spider 3 brown molds a red mold 31 gnomes 10 garter snakes 4 gnome zombies 6 geckos 17 jackals 6 foxes 5 kobolds 5 goblins 7 sewer rats 20 grid bugs 2 bats 17 lichens 4 kobold zombies 13 newts 444 creatures vanquished. Voluntary challenges: You used a wielded weapon 592 times, starting on turn 148. You read items or engraved 43 times, starting on turn 2491. You never genocided any monsters. You never polymorphed an object. You changed form 1 time, starting on turn 1867. You used no wishes. You never split a pudding. You never wrote Elbereth's name. You violated your moral code, losing 189 points of alignment, starting on turn 2546. Dungeon overview: The Dungeons of Doom: levels 1 to 12 Level 1 a long staircase Level 2 Level 3 a delicatessen, some altars to Tyr Level 4 stairs to The Gnomish Mines Level 5 many fountains Level 6 stairs to Sokoban Level 7 Level 8 a fountain Level 9 Level 10 <- You were here Level 11 Level 12 The Gnomish Mines: levels 5 to 8 Level 5 stairs to The Dungeons of Doom Level 6 Level 7 some shops, a temple to Odin, some fountains, some trees Level 8 Sokoban: levels 2 to 5 Level 2 Level 3 Level 4 Level 5 stairs to The Dungeons of Doom History has recorded: On T:1 you entered the Dungeons of Doom to retrieve the Amulet of Yendor! On T:713 you advanced to experience level 2. On T:751 you reached level 2 of The Dungeons of Doom. On T:1205 you reached level 3 of The Dungeons of Doom. On T:1235 you advanced to experience level 3. On T:1708 you reached level 4 of The Dungeons of Doom. On T:2147 you advanced to experience level 4. On T:2456 you reached level 1 of The Gnomish Mines. On T:3606 you reached level 2 of The Gnomish Mines. On T:3618 you advanced to experience level 5. On T:4523 you advanced to experience level 6. On T:5084 you reached level 3 of The Gnomish Mines. On T:5433 you advanced to experience level 7. On T:5443 you reached level 4 of The Gnomish Mines. On T:5960 you reached level 5 of The Dungeons of Doom. On T:6319 you reached level 6 of The Dungeons of Doom. On T:6511 you reached level 4 of Sokoban. On T:6943 you reached level 3 of Sokoban. On T:7603 you advanced to experience level 8. On T:7696 you reached level 2 of Sokoban. On T:8163 you reached level 1 of Sokoban. On T:10035 you reached level 7 of The Dungeons of Doom. On T:10586 you reached level 8 of The Dungeons of Doom. On T:10747 you advanced to experience level 9. On T:10951 you advanced to experience level 10. On T:10952 you advanced to experience level 11. On T:11476 you reached level 9 of The Dungeons of Doom. On T:11893 you reached level 10 of The Dungeons of Doom. On T:12589 you advanced to experience level 12. On T:13296 you reached level 11 of The Dungeons of Doom. On T:13595 you reached level 12 of The Dungeons of Doom. Score breakdown: Gold: 17148 (14403 points) Experience: 12 levels (18476 points) Exploration: 12 levels ( 24.00%) (14214 points) Discoveries: 29 items ( 11.79%) (10300 points) Valuables value: (no points given unless you survive) Artifact value: 4000 (12253 points) Variety of kills: 103 monsters ( 27.03%) (15598 points) Turncount: 13673 turns (-2840 points) Survival: died (score multiplied by 80%) Total score: 65923 Latest messages: The troll bites! The Uruk-hai picks up an acid blob corpse. There are a few objects here. The troll swings her glaive. The troll hits! (2x) The troll misses. You see here a black gem. The troll picks up an orcish helm. The troll puts on an orcish helm. The hobbit picks up a lizard corpse. The troll swings her glaive. The troll misses. The troll hits! The troll bites! The hobbit thrusts his orcish short sword. The hobbit hits! The troll swings her glaive. The troll hits! (2x) The troll misses. The troll swings her glaive. The troll hits! You die... Final status: Farvel Olga the Valkyrie, killed by a troll... You died in The Dungeons of Doom on dungeon level 10 with 65923 points, and 17148 pieces of gold, after 13673 moves. You were level 12 with a maximum of 121 hit points when you died.